 Dungeon Crawl Stone Soup version 0.20.1-1-g8b1a95d (webtiles) character file.

14 FerrousOx the Insei (level 2, 0/21 HPs)
             Began as a Merfolk Transmuter on July 31, 2017.
             Succumbed to an adder's poison
             ... on level 2 of the Dungeon.
             The game lasted 00:05:28 (1321 turns).

FerrousOx the Insei (Merfolk Transmuter)            Turns: 1321, Time: 00:05:29

Health: 0/21       AC:  2    Str: 10    XL:     2   Next: 45%
Magic:  4/5        EV: 13    Int: 12    God:
Gold:   35         SH:  0    Dex: 14    Spells: 4/5 levels left

rFire    . . .     SeeInvis .     - Unarmed
rCold    . . .     Gourm    .   (no shield)
rNeg     . . .     Faith    .   b - +0 robe
rPois    .         Spirit   .   (no helmet)
rElec    .         Reflect  .   (no cloak)
rCorr    .         Harm     .   (no gloves)
MR       .....                  (no boots)
Stlth    +.........             (no amulet)
Regen    0.1/turn               (no ring)
MPRegen  0.1/turn               (no ring)

@: lethally poisoned (0 -> -3), appendage (expiring)
A: change form in water, swift swim, stealthy swim, horns 2
a: End Transformation


You were on level 2 of the Dungeon.
You were hungry.
You had grown temporary horns.
You visited 1 branch of the dungeon, and saw 2 of its levels.

You collected 35 gold pieces.

Inventory:

Hand Weapons
 n - a +0 hunting sling
Missiles
 a - 12 arrows
 g - 13 poisoned needles
Armour
 b - a +0 robe (worn)
Scrolls
 e - a scroll of teleportation
 j - a scroll of noise {unknown}
 k - a scroll of recharging {unknown}
 m - a scroll of fear {unknown}
Potions
 h - a potion of invisibility {unknown}
 l - a potion of curing {unknown}
Books
 c - a book of Changes

   Spells                             Type                      Level
   a - Beastly Appendage              Transmutation                1
   b - Sticks to Snakes               Transmutation                2
   c - Spider Form                    Transmutation/Poison         3
   d - Ice Form                       Ice/Transmutation            4
   e - Blade Hands                    Transmutation                5
Comestibles
 d - 3 bread rations
 f - 2 meat rations
 i - a royal jelly
 o - a chunk of flesh


   Skills:
 - Level 1.1 Fighting
 + Level 2.9 Dodging
 - Level 0.2 Stealth
 * Level 4.0 Unarmed Combat
 * Level 2.0 Spellcasting
 * Level 2.8 Transmutations


You had 4 spell levels left.
You knew the following spells:

 Your Spells              Type           Power        Failure   Level  Hunger
a - Beastly Appendage     Tmut           #.....       9%          1    ##.....


Dungeon Overview and Level Annotations

Branches:
Dungeon (2/15)

Altars:


Innate Abilities, Weirdness & Mutations

You revert to your normal form in water.
You are very nimble and swift while swimming.
You are very stealthy in the water. (Stealth+)
You have a pair of horns on your head.


Message History

You kill the rat!
The adder bites you. The adder closely misses you.
You miss the adder.
Your transformation is almost over.
The adder misses you. The adder closely misses you. The adder bites you.
You hit the adder. Your headbutt misses the adder.
The adder is lightly wounded.
The adder bites you.
* * * LOW HITPOINT WARNING * * *
You are lethally poisoned!
The adder poisons you! The adder misses you.
You miss the adder.
The adder is lightly wounded.
* * * LOW HITPOINT WARNING * * *
You feel sick. The adder bites you.
* * * LOW HITPOINT WARNING * * *
The adder misses you. The adder closely misses you. x2
You die...

#...[.....##.#######
#...###...#.........
##...###...#..#######.
#..........#..<.......
#..............#####..
#............>.... ...
#.......(.....######...
#.......÷....#.........
##.....@.....##........
#..(.....###.#.......#
+......SS+...(.......+
#........###.#.......#
#...##†......)....%..#
#... #.#####......[#.#
#.. #.. #.......# # ##
.... +.......# ......
#.......#


You could see 2 adders.

Vanquished Creatures
  3 bats (D:1)
  2 goblins (D:1)
  A quokka (D:2)
  3 frilled lizards
  6 kobolds
  A rat (D:2)
16 creatures vanquished.

Notes
Turn   | Place    | Note
-------+----------+-------------------------------------------
     0 | D:1      | FerrousOx the Merfolk Transmuter began the quest for the Orb.
     0 | D:1      | Reached XP level 1. HP: 15/15 MP: 3/3
   364 | D:1      | Reached XP level 2. HP: 19/21 MP: 3/5
  1144 | D:2      | Reached skill level 4 in Unarmed Combat
  1318 | D:2      | HP: 1/21 [adder (2)]
  1321 | D:2      | Succumbed to an adder's poison

Skill      XL: |  1  2 |
---------------+-------+-----
Unarmed Combat | 4 |  4.0
Fighting       | |  1.1
Dodging        | |  2.9
Stealth        | |  0.2
Spellcasting   | |  2.0
Transmutations | |  2.8

Action                   || total
-------------------------++-------
Melee: Unarmed           ||    50
       Headbutt          ||     3
 Cast: Beastly Appendage ||    14
  Use: Scroll            ||     1
 Stab: Sleeping          ||     1
  Eat: Chunk             ||     1
Armor: Robe              ||    17
Dodge: Dodged            ||    52
